Map: Ночной пейзаж РВ

Players

Kantara - Winner!

  • Race: Protoss Protoss
  • League: Diamond
  • Spawn Location: 1:00

Outlander - Winner!

  • Race: Terran Terran
  • Spawn Location: 1:00

ledr

  • Race: Protoss Protoss
  • Spawn Location: 7:00

Areski

  • Race: Zerg Zerg
  • Spawn Location: 7:00

VOD

Have the link to the VOD?

Description

Time

  • Played on: Oct. 31, 2020, 6:16 p.m.
  • Length: 8:20
Show
View Real Time Build Order
Export as new Build Order

Kantara Protoss - Winner!

Build Orders: 1 Gate Expand 

Get SALT Encoding   

  12  0:00  Probe  
  13  0:13  Probe  
  14  0:19  Pylon  
  14  0:25  Probe (Chrono Boost)  
  15  0:37  Probe (Chrono Boost)  
  15  0:42  Gateway  
  16  0:45  Probe (Chrono Boost)  
  16  0:47  Assimilator  
  17  0:55  Probe  
  18  1:13  Probe  
  19  1:28  Probe  
  20  1:35  Nexus  
  20  1:42  Cybernetics Core  
  20  1:43  Probe  
  21  1:55  Probe (Chrono Boost)  
  21  1:57  Pylon  
  22  2:06  Probe (Chrono Boost)  
  23  2:11  Assimilator  
  23  2:13  Probe (Chrono Boost)  
  24  2:21  Stalker  
  26  2:23  Warp Gate  
  26  2:25  Probe  
  27  2:37  Probe  
  28  2:45  Robotics Facility  
  28  2:52  Probe (Chrono Boost)  
  28  2:54  Probe (Chrono Boost)  
  28  2:55  Stalker  
  32  3:04  Probe (Chrono Boost)  
  33  3:08  Probe (Chrono Boost)  
  33  3:10  Probe (Chrono Boost)  
  34  3:16  Probe  
  35  3:22  Pylon  
  35  3:25  Stalker  
  37  3:30  Twilight Council  
  37  3:33  Gateway  
  37  3:37  Immortal (Chrono Boost)  
  41  3:45  Probe x2  
  43  3:48  Shield Battery  
  43  3:57  Probe  
  44  4:09  Warp Prism  
  42  4:32  Adept x2  
  46  4:42  Blink (Chrono Boost)  
  46  4:44  Gateway  
  46  4:55  Adept x2  
  50  5:04  Probe x2  
  52  5:09  Pylon  
  52  5:13  Forge  
  52  5:21  Pylon  
  52  5:22  Pylon  
  52  5:23  Adept  
  52  5:27  Immortal  
  58  5:33  Stalker  
  60  5:42  Pylon  
  60  5:55  Stalker x2  
  64  5:57  Stalker  
  64  6:02  Protoss Ground Weapons Level 1 (Chrono Boost)  
  66  6:14  Gateway  
  66  6:16  Pylon  
  64  6:26  Stalker  
  64  6:27  Stalker x2  
  66  6:50  Sentry x2  
  70  7:07  Adept  
  72  7:24  Observer  
  71  7:36  Assimilator  
  71  7:40  Assimilator  
  71  7:42  Pylon  
  71  7:45  Pylon  
  71  7:55  Zealot  
  71  7:56  Zealot  
  71  7:57  Zealot  
Show
View Real Time Build Order
Export as new Build Order

Outlander Terran - Winner!

Build Orders: 2 Factory, Cyclone Opening 

Get SALT Encoding   

  12  0:00  SCV  
  13  0:12  SCV  
  14  0:17  Supply Depot  
  14  0:24  SCV  
  14  0:28  Refinery  
  15  0:38  SCV  
  16  0:46  Barracks  
  16  0:51  SCV  
  16  0:56  Refinery  
  17  1:03  SCV  
  18  1:15  SCV  
  19  1:27  SCV  
  20  1:35  Barracks Tech Lab, Factory  
  20  1:42  Orbital Command  
  20  1:51  Supply Depot  
  20  2:07  SCV  
  20  2:08  Barracks Reactor  
  21  2:19  SCV  
  22  2:24  Factory  
  22  2:26  Cyclone  
  25  2:31  SCV  
  25  2:35  Supply Depot  
  26  2:43  SCV  
  27  2:47  Mag-Field Accelerator  
  27  2:58  Cyclone  
  30  3:21  Command Center  
  30  3:22  Hellion  
  30  3:26  Hellion  
  34  3:51  Hellion x2  
  34  3:52  Supply Depot x2  
  38  4:14  Cyclone  
  41  4:22  Hellion x2  
  45  4:24  SCV  
  45  4:26  Infernal Pre-Igniter  
  46  4:34  Supply Depot  
  46  4:36  SCV  
  47  4:42  Orbital Command  
  47  4:46  Cyclone  
  47  4:48  SCV  
  49  5:00  SCV  
  50  5:08  SCV  
  50  5:12  SCV  
  52  5:15  Hellion  
  52  5:18  Cyclone  
  52  5:19  Hellion  
  59  5:25  SCV  
  59  5:27  SCV  
  61  5:37  Hellion, SCV  
  61  5:39  SCV  
  61  5:40  Hellion  
  67  5:46  Armory, Factory  
  67  5:57  SCV  
  67  5:58  SCV  
  67  6:02  Supply Depot  
  69  6:06  Armory  
  69  6:10  SCV  
  70  6:32  Cyclone  
  71  6:47  Hellion x2  
  71  6:48  Factory Tech Lab  
  73  6:55  Factory  
  73  6:56  Factory  
  73  7:02  Command Center  
  73  7:04  Cyclone  
  76  7:09  Barracks Reactor  
  76  7:10  Starport  
  76  7:11  SCV x2  
  76  7:14  Refinery  
  78  7:16  Refinery  
  78  7:23  SCV  
  76  7:36  Hellion x2  
  76  7:37  Hellion  
  81  7:42  Hellion  
  74  7:53  Factory Reactor  
  74  7:54  Factory Tech Lab  
  74  7:58  Hellion x3  
Show
View Real Time Build Order
Export as new Build Order

ledr Protoss 

Build Orders:  

Get SALT Encoding   

  12  0:02  Probe  
  13  0:19  Pylon  
  13  0:22  Probe (Chrono Boost)  
  14  0:32  Probe (Chrono Boost)  
  15  0:43  Assimilator  
  15  0:45  Probe  
  16  0:58  Probe  
  16  1:04  Pylon  
  17  1:10  Probe (Chrono Boost), Assimilator  
  18  1:21  Probe (Chrono Boost)  
  19  1:26  Probe (Chrono Boost)  
  19  1:28  Gateway  
  20  1:36  Probe  
  21  1:48  Probe  
  22  2:15  Forge  
  22  2:19  Cybernetics Core  
  22  2:26  Pylon  
  22  2:30  Pylon  
  22  2:35  Probe (Chrono Boost), Pylon  
  23  2:43  Probe (Chrono Boost)  
  24  2:48  Nexus  
  24  2:49  Probe  
  24  2:50  Zealot  
  27  3:01  Probe  
  28  3:13  Probe  
  28  3:14  Pylon  
  28  3:17  Pylon  
  28  3:19  Assimilator  
  29  3:21  Assimilator  
  29  3:31  Stalker  
  31  3:41  Warp Gate  
  31  3:44  Probe (Chrono Boost)  
  32  3:54  Probe (Chrono Boost)  
  33  3:59  Probe (Chrono Boost)  
  33  4:01  Protoss Ground Weapons Level 1, Stalker  
  36  4:08  Probe (Chrono Boost)  
  37  4:16  Probe (Chrono Boost)  
  39  4:18  Probe (Chrono Boost)  
  39  4:23  Probe x2 (Chrono Boost)  
  40  4:31  Stalker  
  43  4:34  Probe  
  44  4:46  Probe  
  45  4:57  Pylon  
  45  4:58  Probe  
  46  5:01  Stalker, Pylon  
  46  5:03  Photon Cannon  
  46  5:05  Photon Cannon  
  48  5:10  Probe  
  49  5:20  Photon Cannon  
  49  5:22  Probe  
  49  5:24  Photon Cannon  
  49  5:25  Pylon  
  50  5:38  Photon Cannon  
  50  5:55  Stargate  
  50  6:10  Protoss Ground Armor Level 1  
  48  6:33  Void Ray  
  48  6:51  Stargate  
  48  6:59  Stalker  
  50  7:10  Void Ray  
  48  7:52  Stalker  
Show
View Real Time Build Order
Export as new Build Order

Areski Zerg 

Build Orders: Hatch First 

Get SALT Encoding   

  12  0:01  Drone  
  13  0:13  Overlord  
  13  0:17  Drone  
  14  0:32  Drone x2  
  16  0:35  Drone  
  17  0:58  Drone  
  17  1:02  Hatchery  
  17  1:10  Spawning Pool  
  16  1:12  Drone  
  16  1:15  Drone  
  18  1:20  Extractor, Drone  
  18  1:37  Overlord  
  18  1:51  Drone  
  19  1:57  Drone  
  20  2:08  Queen  
  20  2:14  Drone x2  
  24  2:16  Drone, Queen  
  27  2:24  Metabolic Boost  
  27  2:37  Zergling x8  
  31  2:45  Overlord  
  31  2:49  Queen  
  33  2:51  Queen  
  35  3:05  Zergling x8  
  39  3:18  Overlord  
  39  3:20  Zergling x10  
  44  3:37  Zergling x6  
  44  3:38  Zergling x2  
  48  3:51  Drone x2  
  50  3:57  Hatchery  
  50  4:02  Zergling x4  
  43  4:22  Queen x2  
  42  4:29  Spine Crawler  
  42  4:30  Spine Crawler  
  40  4:35  Drone x6  
  46  4:47  Drone x2  
  42  5:00  Drone  
  42  5:01  Drone x2, Queen x2  
  49  5:09  Queen  
  51  5:26  Extractor, Drone x3  
  51  5:28  Drone x4  
  56  5:30  Spore Crawler  
  56  5:35  Overlord x2  
  56  5:58  Zergling x2  
  56  5:59  Zergling x2  
  56  6:00  Overlord x2  
  58  6:18  Queen x3  
  64  6:19  Zergling x10  
  64  6:24  Zergling x2  
  64  6:25  Zergling x12  
  73  6:29  Zergling x4  
  72  6:34  Zergling x2  
  72  6:35  Zergling x6  
  71  6:45  Zergling x10  
  65  6:56  Overlord  
  65  7:00  Queen  
  57  7:03  Zergling x2  
  57  7:23  Spine Crawler  
  57  7:24  Spine Crawler, Zergling x2  
  57  7:25  Zergling x6  
  56  7:30  Zergling x2  
  56  7:34  Zergling x2  
  54  7:37  Zergling x2  
  54  7:38  Zergling x4  
  52  7:47  Zergling x2  
  52  7:48  Zergling x2  
  45  7:57  Zergling x2  
  30  8:12  Spine Crawler x2  
Tags
 
Add a new tag
Caveats
  • Supply blocks, unpowered buildings, or Contaminate may cause inaccurate times.
  • Supply counts are checked every 10 seconds.